 Dungeon Crawl Stone Soup version 0.26.1-11-gd32895ea62 (webtiles) character file.

Game seed: 7921981749303584486

5126 MisterFreud the Grappler (level 10, -7/96 HPs)
             Began as a Troll Monk on June 7, 2021.
             Mangled by a blink frog (10 damage)
             ... on level 1 of the Lair of Beasts.
             The game lasted 00:10:02 (8749 turns).

MisterFreud the Grappler (Troll Monk)               Turns: 8749, Time: 00:10:03

Health: -7/96      AC:  6    Str: 21    XL:     10   Next: 32%
Magic:  9/9        EV: 12    Int:  6    God:
Gold:   609        SH:  0    Dex: 15    Spells: 9/9 levels left

rFire    . . .     SeeInvis +     - Unarmed
rCold    . . .     Faith    .   (no shield)
rNeg     . . .     Spirit   .   a - +0 robe
rPois    .         Reflect  .   (helmet restricted)
rElec    .         Harm     .   (no cloak)
rCorr    .         Rampage  .   (gloves unavailable)
Will     .....                  (boots unavailable)
Stlth    ++........             (no amulet)
HPRegen  0.66/turn              k - +4 ring of slaying
MPRegen  0.11/turn              v - ring of see invisible

@: lethally poisoned (-7 -> -7), about to teleport
A: large, unfitting armour, claws 3, regeneration 1, shaggy fur 1, tough skin 3
a: no special abilities


You were on level 1 of the Lair of Beasts.
You visited 3 branches of the dungeon, and saw 11 of its levels.

You collected 651 gold pieces.
You spent 42 gold pieces at shops.

Inventory:

Missiles
 o - 4 large rocks (quivered)
 s - a throwing net
 w - 22 boomerangs
 A - 5 javelins
Armour
 a - a +0 robe (worn)
Jewellery
 b - an uncursed ring of flight {unknown}
 k - a +4 ring of slaying (left claw)
 v - a ring of see invisible (right claw)
 y - a +4 ring of protection {unknown}
 G - an uncursed amulet of faith
Wands
 z - a wand of iceblast (11)
 J - a wand of enslavement (8)
 K - a wand of acid (5)
Scrolls
 e - 5 scrolls of teleportation
 f - a scroll of enchant weapon
 h - 4 scrolls of fog
 m - 2 scrolls of blinking {unknown}
 n - a scroll of amnesia
 q - 2 scrolls of random uselessness {unknown}
 x - a scroll of enchant armour {unknown}
 C - a scroll of magic mapping {unknown}
 D - 6 scrolls of remove curse
 E - a scroll of fear {unknown}
 F - 2 scrolls of identify
Potions
 c - a potion of ambrosia
 d - 2 potions of attraction
 g - 3 potions of curing
 i - a potion of heal wounds
 j - a potion of invisibility
 l - a potion of flight
 p - 4 potions of might
 r - a potion of haste
 t - 3 potions of lignification
 u - a potion of brilliance {unknown}
 B - a potion of magic {unknown}
 H - 2 potions of berserk rage {unknown}
Miscellaneous
 I - a box of beasts


   Skills:
 - Level 5.0 Fighting
 + Level 7.6 Throwing
 - Level 5.0 Dodging
 - Level 1.0 Stealth
 + Level 10.5 Unarmed Combat
 + Level 1.9 Evocations


You had 9 spell levels left.
You didn't know any spells.
Your spell library contained the following spells:

 Spells                   Type           Power        Failure   Level
 Animate Skeleton         Necr           0%           45%         1
 Apportation              Tloc           0%           45%         1
 Corona                   Hex            0%           45%         1
 Magic Dart               Conj           0%           45%         1
 Pain                     Necr           0%           45%         1
 Summon Small Mammal      Summ           0%           45%         1
 Blink                    Tloc           N/A          58%         2
 Call Imp                 Summ           0%           58%         2
 Ensorcelled Hibernation  Hex/Ice        0%           58%         2
 Slow                     Hex            0%           58%         2
 Confusing Touch          Hex            0%           83%         3
 Conjure Flame            Conj/Fire      0%           83%         3
 Dazzling Flash           Conj/Hex       0%           83%         3
 Mephitic Cloud           Conj/Pois/Air  0%           83%         3
 Tukima's Dance           Hex            0%           83%         3
 Vampiric Draining        Necr           0%           83%         3
 Animate Dead             Necr           0%           99%         4
 Agony                    Necr           0%           100%        5


Dungeon Overview and Level Annotations

Branches:
Dungeon (9/15)             Temple (1/1) D:7            Lair (1/6) D:9
    Orc (0/2) D:9

Altars:
Cheibriados
Dithmenos
Elyvilon
Fedhas
Hepliaklqana
Makhleb
Nemelex Xobeh
Qazlal
Ru
Trog
Uskayaw
Vehumet
Wu Jian
Xom
Yredelemnul
Zin
The Shining One

Shops:
D:5 *   D:7 }


Innate Abilities, Weirdness & Mutations

You are too large for most types of armour.
You have claws for hands.
Your natural rate of healing is unusually fast.
You are covered in fur. (AC +1)
You have extremely tough skin. (AC +3)


Message History

The blink frog hits you.
* * * LOW HITPOINT WARNING * * *
The blink frog barely misses you.
As you read the scroll of teleportation, it crumbles to dust.
You feel strangely unstable.
You feel sick.
The blink frog blinks!
The blink frog hits you but does no damage.
The blink frog barely misses you.
You closely miss the blink frog. The blink frog misses you.
The blink frog barely misses you.
The blink frog blinks!
You mangle the blink frog!!
The blink frog is heavily wounded.
You feel sick. The blink frog hits you!
* * * LOW HITPOINT WARNING * * *
The blink frog blinks!
The blink frog hits you!
* * * LOW HITPOINT WARNING * * *
Unknown command.
Unknown command.
Unknown command.
The blink frog hits you!
You die...

##......##
#........##
##........#
##........##
#.........#
##[.......#
#........##
#.......###
#.ยง.....@.#
#.......F##
#........#
#........#
#.#....F..#
###..($...##
#P.......P#
#........##
##.....).#


You could see 2 blink frogs.

Vanquished Creatures
  The ghost of txkpbica the Skirmisher, an amateur OgBe of Trog (D:4)
  2 komodo dragons
  A troll (D:9)
  4 yaks (D:5)
  2 wargs (D:9)
  2 water moccasins (Lair:1)
  2 orc warriors
  2 ice beasts
  A black bear (D:9)
  2 phantoms
  4 ogres
  A centaur (D:8)
  5 big kobolds
  6 bullfrogs
  A gnoll sergeant (D:8)
  6 killer bees
  3 howler monkeys (D:8)
  A jelly (D:5)
  2 centaur zombies (D:7)
  2 orc priests (D:3)
  3 hounds
  A bullfrog skeleton (D:6)
  2 iguanas
  An orc wizard (D:4)
  3 worker ants (D:4)
  2 hound skeletons
  A worker ant zombie (D:8)
  7 adders
  19 gnolls
  2 shadow imps (D:6)
  An ufetubus (D:7)
  4 adder skeletons (D:4)
  3 worms
  A dart slug (D:2)
  3 leopard geckos (D:3)
  22 orcs
  8 giant cockroaches
  14 goblins
  15 hobgoblins
  12 jackals
  58 kobolds
  6 quokkas
  2 ball pythons (D:1)
  12 bats
  3 frilled lizards
  A leopard gecko skeleton (D:5)
  13 rats
269 creatures vanquished.

Vanquished Creatures (others)
  A fungus (Lair:1)
  44 plants
45 creatures vanquished.

Grand Total: 314 creatures vanquished

Notes
Turn   | Place    | Note
-------+----------+-------------------------------------------
     0 | D:1      | MisterFreud the Troll Monk began the quest for the Orb.
     0 | D:1      | Reached XP level 1. HP: 22/22 MP: 0/0
    73 | D:1      | Reached XP level 2. HP: 25/29 MP: 1/1
   171 | D:1      | Reached skill level 4 in Unarmed Combat
   348 | D:1      | Reached XP level 3. HP: 36/36 MP: 2/2
   798 | D:2      | Found a bloodstained altar of Trog.
   803 | D:2      | Found a sacrificial altar of Ru.
   804 | D:2      | Found an ornate altar of the Wu Jian Council.
   804 | D:2      | Found a white marble altar of Elyvilon.
   904 | D:2      | Noticed an air elemental
   906 | D:2      | Found a stormy altar of Qazlal.
   908 | D:2      | Noticed a fire elemental
   908 | D:2      | Noticed a water elemental
   908 | D:2      | Noticed an earth elemental
   923 | D:2      | Found a hide-covered altar of Uskayaw.
  1165 | D:2      | Reached XP level 4. HP: 44/44 MP: 3/3
  1199 | D:2      | Reached skill level 5 in Unarmed Combat
  1727 | D:3      | Reached XP level 5. HP: 49/50 MP: 4/4
  1771 | D:3      | Found a shimmering altar of Xom.
  1773 | D:3      | Found an opulent altar of Gozag.
  1773 | D:3      | Found a white marble altar of Elyvilon.
  1789 | D:3      | Reached skill level 6 in Unarmed Combat
  2263 | D:3      | Found a radiant altar of Vehumet.
  2371 | D:3      | Reached skill level 1 in Throwing
  2384 | D:3      | Reached XP level 6. HP: 44/59 MP: 5/5
  2447 | D:3      | Found a faded altar of an unknown god.
  2806 | D:3      | Found a burning altar of Makhleb.
  2806 | D:3      | Found a hazy altar of Hepliaklqana.
  2806 | D:3      | Found a basalt altar of Yredelemnul.
  3065 | D:4      | Found a runed translucent gate.
  3065 | D:4      | Found a runed translucent gate.
  3065 | D:4      | Found a runed translucent gate.
  3066 | D:4      | Noticed txkpbica's ghost (amateur OgBe)
  3228 | D:4      | Reached skill level 7 in Unarmed Combat
  3352 | D:4      | Reached XP level 7. HP: 49/66 MP: 6/6
  3817 | D:4      | Reached skill level 8 in Unarmed Combat
  4101 | D:4      | Killed txkpbica's ghost
  4102 | D:4      | Reached XP level 8. HP: 57/75 MP: 7/7
  4150 | D:5      | Entered Level 5 of the Dungeon
  4228 | D:5      | Found Hanuat's Mass Market.
  4236 | D:5      | Bought 5 large rocks for 42 gold pieces
  4506 | D:5      | You fall into a shaft and drop 1 floor!
  5232 | D:5      | Found a hazy altar of Hepliaklqana.
  5750 | D:6      | Reached skill level 5 in Throwing
  5750 | D:6      | Reached XP level 9. HP: 74/85 MP: 8/8
  5839 | D:6      | Found a blossoming altar of Fedhas.
  6026 | D:7      | Found a staircase to the Ecumenical Temple.
  6045 | Temple   | Entered the Ecumenical Temple
  6140 | D:7      | Found a snail-covered altar of Cheibriados.
  6517 | D:7      | Found Loedyiz's Gadget Emporium.
  6776 | D:8      | Found a glowing silver altar of Zin.
  6920 | D:8      | Reached skill level 9 in Unarmed Combat
  7001 | D:8      | Reached skill level 5 in Fighting
  7001 | D:8      | Reached skill level 5 in Dodging
  7644 | D:8      | Found a stormy altar of Qazlal.
  7897 | D:9      | Found a staircase to the Orcish Mines.
  8008 | D:9      | Reached skill level 10 in Unarmed Combat
  8181 | D:9      | Reached XP level 10. HP: 90/96 MP: 9/9
  8182 | D:9      | Found a bloodstained altar of Trog.
  8339 | D:9      | Found a glowing golden altar of the Shining One.
  8554 | D:9      | Reached skill level 1 in Evocations
  8586 | D:9      | Found a staircase to the Lair.
  8633 | Lair:1   | Entered Level 1 of the Lair of Beasts
  8748 | Lair:1   | HP: 3/96 [blink frog (14)]
  8749 | Lair:1   | Mangled by a blink frog

Illustrated notes

Levels and vault maps discovered:
D:1:      eino_arrival_tree_alley, layout_loops_ring, serial_forest,
          infiniplex_forest_straight_3, infiniplex_forest_zigzag_1,
          infiniplex_forest_end_3, infiniplex_forest_clump_small,
          hangedman_feature_mirror
D:2:      layout_basic, grunt_temple_overflow_open,
          nicolae_qazlal_style_of_elements, eat_drink_and_be_merry_uskayaw,
          minmay_pentomino_pile
D:3:      minmay_thinvault, layout_basic, doesnt_xom_only_xom,
          general_overflow_altar, chequers_ecumenical_altar_lobes
D:4:      minmay_goblin_kobold_castle, layout_rooms, gammafunk_ghost_necromancy
D:5:      layout_layer_cave, lemuel_doored_altar, minmay_shop_mass,
          hangedman_abyss_or_decor_passed
D:6:      layout_loops_cross, fedhas_altar_2
D:7:      kb_forest_paths, layout_basic, kennysheep_mini,
          minmay_temple_entry_butterflies, serial_shops, shop
D:8:      layout_loops_ring, old_standard_altar, grunt_decor_one_mirror,
          david_defended_altar_elf
D:9:      layout_loops_ring, marbit_many_paths, david_lair_shrubbed,
          minmay_orc_entry_guard_dogs, trog_three_pillars_becter
Temple:   cyrus_temple_forest
Lair:1:   layout_hall_layers

Skill      XL: |  1  2  3  4  5  6  7  8  9 10 |
---------------+-------------------------------+-----
Unarmed Combat | 4 5 6 7 8 10 | 10.5
Throwing       | 1 3 4 5 7 |  7.6
Fighting       | 3 4 5 |  5.0
Dodging        | 3 4 5 |  5.0
Evocations     | 1 |  1.9
Stealth        | |  1.0

Action                   |  1- 3 |  4- 6 |  7- 9 | 10-12 || total
-------------------------+-------+-------+-------+-------++-------
Melee: Unarmed           |   118 |   182 |   310 |    35 ||   645
       Punch             |       |     6 |     7 |     4 ||    17
Throw: Large rock        |       |       |     2 |       ||     2
  Use: Scroll            |       |     9 |     6 |     1 ||    16
       Potion            |       |       |     1 |     1 ||     2
 Stab: Sleeping          |     2 |    10 |     6 |       ||    18
Armor: Robe              |    37 |    59 |    66 |     7 ||   169
Dodge: Dodged            |    53 |    86 |   157 |    19 ||   315
